Map: Frozen Temple

Players

Gracz - Winner!

  • Race: Protoss Protoss
  • League: Silver

Plokji

  • Race: Terran Terran

VOD

Have the link to the VOD?

Description

Time

  • Played on: Oct. 2, 2016, 7:25 a.m.
  • Length: 3:42
Show
View Real Time Build Order
Export as new Build Order

Gracz Protoss - Winner!

Build Orders:  

Get SALT Encoding   

  12  0:01  Probe (Chrono Boost)  
  13  0:17  Probe (Chrono Boost)  
  14  0:22  Pylon  
  14  0:27  Probe (Chrono Boost)  
  15  0:40  Probe (Chrono Boost)  
  16  0:43  Pylon  
  16  0:52  Probe (Chrono Boost)  
  16  0:57  Gateway  
  17  1:01  Assimilator  
  17  1:03  Probe (Chrono Boost)  
  18  1:13  Probe (Chrono Boost)  
  18  1:16  Assimilator  
  19  1:23  Gateway  
  19  1:28  Pylon  
  19  1:35  Probe (Chrono Boost)  
  20  1:48  Cybernetics Core  
  20  1:56  Probe (Chrono Boost)  
  20  1:58  Gateway  
  21  2:09  Gateway  
  21  2:15  Zealot  
  24  2:23  Probe (Chrono Boost)  
  24  2:35  Probe (Chrono Boost)  
  25  2:44  Stalker  
  25  2:46  Stalker  
  29  2:56  Stalker  
  31  3:10  Sentry  
Show
View Real Time Build Order
Export as new Build Order

Plokji Terran 

Build Orders:  

Get SALT Encoding   

  12  0:01  SCV  
  13  0:13  SCV  
  14  0:21  Supply Depot  
  14  0:25  SCV  
  15  0:35  Refinery  
  15  0:43  SCV  
  15  0:47  Barracks  
  16  0:55  SCV  
  17  1:08  SCV  
  18  1:20  SCV  
  19  1:35  Supply Depot  
  19  1:36  SCV  
  20  1:44  Barracks Reactor  
  20  1:55  Orbital Command  
  20  1:56  Command Center  
  20  2:10  Factory  
  20  2:14  Refinery  
  20  2:21  Marine x2  
  22  2:25  SCV  
  23  2:38  SCV  
  24  2:44  Barracks  
  24  2:47  Engineering Bay  
  24  2:55  Engineering Bay  
  24  2:59  SCV  
  25  3:10  Factory Reactor  
  25  3:20  Bunker  
  25  3:22  SCV  
Tags
 
Add a new tag
Caveats
  • Supply blocks, unpowered buildings, or Contaminate may cause inaccurate times.
  • Supply counts are checked every 10 seconds.